 Dungeon Crawl Stone Soup version 0.26-a0-707-g31817bcca1 (webtiles) character file.

Game seed: 12896604263150501508

235 somkeydreadnuts the Digger (level 6, -5/32 HPs)
             Began as a Gargoyle Earth Elementalist on Oct 26, 2020.
             Slain by a gnoll
             ... wielding a +0 club
              (6 damage)
             ... on level 3 of the Dungeon.
             The game lasted 00:08:36 (2809 turns).

somkeydreadnuts the Digger (GrEE)                   Turns: 2809, Time: 00:08:36

Health: -5/32      AC:  6    Str: 18    XL:     6   Next: 6%
Magic:  7/9        EV: 12    Int: 17    God:
Gold:   53         SH:  0    Dex: 10    Spells: 8/9 levels left

rFire    . . .     SeeInvis .   e - +0 flail
rCold    . . .     Faith    +   (no shield)
rNeg     + . .     Spirit   .   c - +0 robe
rPois    ∞         Reflect  .   (no helmet)
rElec    +         Harm     .   (no cloak)
rCorr    .         Rampage  .   (no gloves)
MR       .....                  (no boots)
Stlth    ++........             g - amulet of faith
HPRegen  0.10/turn              j - +6 ring of strength
MPRegen  0.11/turn              (no ring)

@: no status effects
A: negative energy resistance 1, electricity resistance, unbreathing,
petrification resistance, rot immunity, AC +4
a: no special abilities


You were on level 3 of the Dungeon.
You visited 1 branch of the dungeon, and saw 3 of its levels.

You collected 53 gold pieces.

Inventory:

Hand Weapons
 e - a +0 flail (weapon)
Missiles
 b - 44 stones
 d - 24 poisoned darts (quivered)
Armour
 c - a +0 robe (worn)
Jewellery
 g - an amulet of faith (around neck)
 j - a +6 ring of strength (left hand)
Wands
 i - a wand of enslavement (9)
Scrolls
 a - 3 scrolls of amnesia {unknown}
 f - 2 scrolls of enchant armour {unknown}
 h - 2 scrolls of identify {unknown}


   Skills:
 - Level 0.4 Maces & Flails
 - Level 0.1 Throwing
 - Level 1.6 Dodging
 - Level 2.3 Stealth
 - Level 0.1 Unarmed Combat
 - Level 2.1 Spellcasting
   Level 0.7 Transmutations
 + Level 7.6 Earth Magic


You had 8 spell levels left.
You knew the following spells:

 Your Spells              Type           Power        Failure   Level
a - Sandblast             Erth           ####..       1%          1

Your spell library contained the following spells:

 Spells                   Type           Power        Failure   Level
 Passwall                 Tmut/Erth      ###.....     5%          2
 Stone Arrow              Conj/Erth      ##....       12%         3
 Lee's Rapid Deconstruct  Erth           ####......   24%         5
 Petrify                  Tmut/Erth      ###.....     34%         4


Dungeon Overview and Level Annotations

Branches:
Dungeon (3/15)

Altars:
Makhleb
Ru

Annotations:
D:3 Grinder, Natasha


Innate Abilities, Weirdness & Mutations

You are resistant to torment.
Your stone body is resilient. (AC +4)
You are immune to poison.
You resist negative energy. (rN+)
You are resistant to electric shocks. (rElec)
You can survive without breathing.
You are immune to petrification.
You are immune to rotting.


Message History

The orc grunts noisily, in orcish tradition.
The white imp grinds its teeth.
The gnoll completely misses you. The gnoll hits you with a +0 club.
* * * LOW HITPOINT WARNING * * *
Natasha howls an incantation.
You feel troubled.
You can move again.
There is a stone staircase leading up here.
The white imp disappears for a moment.
You climb upwards.
There is a stone staircase leading down here.
You climb downwards.
Level annotation: Grinder, Natasha Grinder blinks!
The white imp shouts, "Away with thee, thou peeagling boil-brained pumpion!"
The gnoll hits you with a +0 spear.
* * * LOW HITPOINT WARNING * * *
There is a stone staircase leading up here.
The gnoll hits you with a +0 club.
You die...

#.. #. ###.###.
...#.. # #.... ###.
... ..... #.#
....g5###.##
....5ghg@.[#####.##.
.....5##g..[........
##.## #.######...).
#.# ### ).# ....
..... ......
........


You could see Natasha, 4 gnolls and 3 white imps.

Vanquished Creatures
  A crimson imp (D:2)
  A jelly (D:2)
  Terence (D:2)
  3 gnolls (D:2)
  6 adders (D:2)
  A worm (D:2)
  3 leopard geckos
  5 orcs (D:3)
  A ball python (D:3)
  4 giant cockroaches
  6 goblins
  6 hobgoblins
  4 jackals (D:1)
  3 kobolds (D:1)
  3 bats
  A frilled lizard (D:2)
  6 rats
55 creatures vanquished.

Notes
Turn   | Place    | Note
-------+----------+-------------------------------------------
     0 | D:1      | somkeydreadnuts the Gargoyle Earth Elementalist began the
                  | quest for the Orb.
     0 | D:1      | Reached XP level 1. HP: 10/10 MP: 3/3
   238 | D:1      | Reached skill level 4 in Earth Magic
   254 | D:1      | Reached XP level 2. HP: 15/15 MP: 3/5
   759 | D:1      | Reached XP level 3. HP: 19/19 MP: 2/6
  1018 | D:2      | Reached skill level 5 in Earth Magic
  1021 | D:2      | Reached XP level 4. HP: 24/24 MP: 2/7
  1071 | D:2      | Reached skill level 6 in Earth Magic
  1481 | D:2      | Reached XP level 5. HP: 5/28 MP: 5/8
  1748 | D:2      | Noticed Terence
  1757 | D:2      | Killed Terence
  1787 | D:2      | Found a sacrificial altar of Ru.
  2015 | D:2      | Reached skill level 7 in Earth Magic
  2314 | D:2      | Found a burning altar of Makhleb.
  2456 | D:3      | Noticed Grinder
  2459 | D:3      | Reached XP level 6. HP: 32/32 MP: 7/9
  2514 | D:3      | Paralysed by Grinder for 4 turns
  2790 | D:3      | Paralysed by Grinder for 6 turns
  2795 | D:3      | Noticed Natasha
  2798 | D:3      | Paralysed by Grinder for 6 turns
  2808 | D:3      | HP: 1/32 [gnoll/+0 spear (5)]
  2809 | D:3      | Slain by a gnoll

Illustrated notes

Levels and vault maps discovered:
D:1:      tarquinn_simple_flora_water_e, layout_basic,
          chequers_serial_rivers_micro_e
D:2:      layout_loops_cross, overflow_temple_1_default, makhleb_grotto_becter,
          uniq_terence
D:3:      layout_rooms, chequers_decorated_corner, uniq_ijyb, uniq_grinder,
          uniq_natasha

Skill      XL: |  1  2  3  4  5 |
---------------+----------------+-----
Earth Magic    | 4 5 6 7 |  7.6
Maces & Flails | |  0.4
Throwing       | |  0.1
Dodging        | |  1.6
Stealth        | |  2.3
Unarmed Combat | |  0.1
Spellcasting   | |  2.1
Transmutations | |  0.7

Action                   |  1- 3 |  4- 6 || total
-------------------------+-------+-------++-------
Melee: Unarmed           |    15 |    30 ||    45
       Flail             |       |    92 ||    92
Throw: Dart              |       |     4 ||     4
 Cast: Sandblast         |    26 |    43 ||    69
Armor: Robe              |    10 |    53 ||    63
Dodge: Dodged            |    28 |   111 ||   139

Table legend: (Time is in decaauts)
 A = Elapsed time spent in this place.
 B = Non-inter-level travel time spent in this place.
 C = Inter-level travel time spent in this place.
 D = Time resting spent in this place.
 E = Time spent auto-exploring this place.
 F = Levels seen in this place.
 G = Mean time per level.
                   A        B        C        D        E       F      G
               +--------+--------+--------+--------+--------+-----+--------+
         Total |   2846 |   2846 |      0 |      0 |   2182 |   3 |  948.7 |
       Dungeon |   2846 |   2846 |      0 |      0 |   2182 |   3 |  948.7 |
               +--------+--------+--------+--------+--------+-----+--------+

Top non-repeatable levels by time:
     D:2: 1734 daAuts
     D:1: 1015 daAuts
     D:3: 96 daAuts
